 Dungeon Crawl Stone Soup version 0.27.1-1-g398f81649c (webtiles) character file.

Game seed: 13156767931022702796

392 rogsnak the Firebug (level 6, -3/42 HPs)
             Began as a Barachi Fire Elementalist on Sept 5, 2021.
             Was an Initiate of Sif Muna.
             Slain by an ice beast (10 damage)
             ... on level 5 of the Dungeon.
             The game lasted 00:08:25 (4093 turns).

rogsnak the Firebug (Barachi Fire Elementalist)     Turns: 4093, Time: 00:08:27

Health: -3/42      AC:  4    Str:  9    XL:     6   Next: 81%
Magic:  5/21       EV: 12    Int: 18    God:    Sif Muna [......]
Gold:   132        SH:  0    Dex: 12    Spells: 8/13 levels left

rFire    . . .     SeeInvis .   p - +0 quarterstaff
rCold    . . .     Faith    .   (shield currently unavailable)
rNeg     . . .     Spirit   .   a - +0 robe
rPois    .         Reflect  .   y - +0 helmet
rElec    .         Harm     .   (no cloak)
rCorr    .         Rampage  .   c - +0 pair of gloves
Will     .....                  (no boots)
Stlth    ++........             (no amulet)
HPRegen  0.14/turn              b - ring of magical power
MPRegen  0.17/turn              (no ring)

@: unable to hop, slow
A: amphibious, slowness 1, strong legs 1, +LOS
a: Hop, Renounce Religion


You were on level 5 of the Dungeon.
You worshipped Sif Muna.
Sif Muna was noncommittal.
You visited 2 branches of the dungeon, and saw 6 of its levels.

You collected 132 gold pieces.

Inventory:

Hand Weapons
 e - a +1 vorpal hunting sling
 f - a +0 dagger
 g - a +0 battleaxe
 p - a +0 quarterstaff (weapon)
 v - a +0 hand crossbow of freezing
Missiles
 j - 123 stones
 s - 52 arrows
 u - a throwing net
 w - 21 bolts
 C - 43 sling bullets
Armour
 a - a +0 robe (worn)
 c - a +0 pair of gloves (worn)
 y - a +0 helmet (worn)
Jewellery
 b - a ring of magical power (left hand)
Scrolls
 d - 3 scrolls of teleportation {unknown}
 i - 4 scrolls of noise {unknown}
 k - a scroll of fear {unknown}
 n - a scroll of vulnerability {unknown}
 q - a scroll of brand weapon {unknown}
 t - 2 scrolls of amnesia {unknown}
 x - a scroll of fog {unknown}
 B - a scroll of identify {unknown}
 D - a scroll of torment {unknown}
 F - a scroll of holy word {unknown}
Potions
 h - 2 potions of might {unknown}
 l - 2 potions of brilliance {unknown}
 m - a potion of cancellation {unknown}
 o - a potion of mutation {unknown}
 r - 2 potions of resistance {unknown}
 z - a potion of curing {unknown}
 A - a potion of magic {unknown}
 E - a potion of attraction {unknown}


   Skills:
 + Level 0.5 Fighting
 + Level 2.4 Dodging
 - Level 2.0 Stealth
 + Level 4.1 Spellcasting
 * Level 4.5 Conjurations
 + Level 5.0 Fire Magic


You had 8 spell levels left.
You knew the following spells:

 Your Spells              Type           Power      Damage    Failure   Level
a - Foxfire               Conj/Fire      84%        2x1d8     1%          1
b - Sticky Flame          Conj/Fire      21%        2d4       21%         4

Your spell library contained the following spells:

 Spells                   Type           Power      Damage    Failure   Level
 Conjure Flame            Conj/Fire      21%        6-21      6%          3
 Animate Skeleton         Necr           6%         N/A       14%         1
 Pain                     Necr           12%        1d4       14%         1
 Inner Flame              Hex/Fire       12%        N/A       16%         3
 Vampiric Draining        Necr           1%         2d6       41%         3
 Fireball                 Conj/Fire      10%        3d6       50%         5
 Summon Ice Beast         Ice/Summ       3%         N/A       82%         4
 Summon Mana Viper        Hex/Summ       3%         N/A       99%         5
 Monstrous Menagerie      Summ           1%         N/A       100%        7


Dungeon Overview and Level Annotations

Branches:
Dungeon (5/15)             Temple (1/1) D:4

Altars:
Cheibriados
Elyvilon
Gozag
Hepliaklqana
Kikubaaqudgha
Makhleb
Nemelex Xobeh
Okawaru
Sif Muna
Trog
Uskayaw
Vehumet
Xom
Yredelemnul
Zin
The Shining One

Shops:
D:5 *

Annotations:
D:3 2 transporters, Menkaure
D:5 3 runed translucent doors, IBeShadow's ghost, novice DrFE


Innate Abilities, Weirdness & Mutations

You are amphibious.
You cover ground slowly.
You can hop short distances.
You have an extended range of vision and can be seen from far away.


Message History

The spell is quite dangerous to cast (21% risk of failure)!
Continue anyway?
Aiming: Sticky Flame (quite dangerous; 21% risk of failure)
Press: ? - help, Shift-Dir - straight line, f - ice beast
Aim: an ice beast (100% to hit)
The sticky flame hits the ice beast.
The ice beast melts!
The ice beast is lightly wounded.
The ice beast is covered in liquid flames!
The ice beast burns!
Your magical contamination has completely faded away.
Hop to where?
Press: ? - help, Dir - move target, p - ice beast Boing!
The ice beast burns!
Unknown command.
The ice beast burns! x2
The ice beast burns!
The ice beast stops burning.
Casting: Sticky Flame (quite dangerous; 21% risk of failure)
Confirm with . or Enter, or press ? or * to list all spells.
You conjure some foxfire!
Unknown command.
Casting: Foxfire (safe; 1% risk of failure)
Confirm with . or Enter, or press ? or * to list all spells.
You don't know that spell.
The foxfire hits the ice beast.
The ice beast melts!
The ice beast is almost dead.
Casting: Foxfire (safe; 1% risk of failure)
Confirm with . or Enter, or press ? or * to list all spells.
You conjure some foxfire!
The ice beast hits you. The ice beast freezes you!
* * * LOW HITPOINT WARNING * * *
Unknown command.
Unknown command.
You closely miss the ice beast.
The ice beast is almost dead.
The foxfire hits the ice beast.
The ice beast is almost dead.
The foxfire hits the ice beast but does no damage.
The ice beast is almost dead.
The ice beast hits you.
* * * LOW HITPOINT WARNING * * *
The ice beast freezes you!
You die...

##### ...# #.#####.###
#.........########## ..
#......@Y...†......# .#
#...###.#(########.# .#
## #...#
#..§.#######.##.## #..
....#
#............#.... #.#
#...###....######.....#
######.# #...........#
#.##.##
.#.#.#.###...###.###.#
#.##.# .....#.......
..# #.# #....#
#?...+.#..#.###### #.#
####.#


You could see an ice beast.

Vanquished Creatures
  A black bear (D:5)
  A scorpion (D:4)
  A water moccasin skeleton (D:5)
  A hound skeleton (D:5)
  12 adders
  2 adder skeletons (D:4)
  3 dart slugs
  An orc (D:3)
  6 endoplasms
  4 giant cockroaches
  7 goblins
  8 hobgoblins
  9 ball pythons
  5 bats
  2 frilled lizards
  4 kobolds
  3 rats
70 creatures vanquished.

Vanquished Creatures (others)
  245 foxfires
245 creatures vanquished.

Grand Total: 315 creatures vanquished

Notes
Turn   | Place    | Note
-------+----------+-------------------------------------------
     0 | D:1      | rogsnak the Barachi Fire Elementalist began the quest for
                  | the Orb.
     0 | D:1      | Reached XP level 1. HP: 13/13 MP: 3/3
   185 | D:1      | Found a faded altar of an unknown god.
   253 | D:1      | Reached XP level 2. HP: 19/19 MP: 5/5
  1052 | D:2      | Reached XP level 3. HP: 24/24 MP: 6/6
  1661 | D:3      | Reached skill level 4 in Fire Magic
  1824 | D:3      | Reached XP level 4. HP: 21/30 MP: 8/8
  1865 | D:3      | Learned a level 4 spell: Sticky Flame
  2312 | D:3      | Noticed a necrophage
  2318 | D:3      | Found a transporter.
  2337 | D:3      | Found a transporter.
  2337 | D:3      | Found an ancient bone altar of Kikubaaqudgha.
  2342 | D:3      | Noticed Menkaure
  2347 | D:3      | Found a basalt altar of Yredelemnul.
  2644 | D:4      | Noticed a scorpion
  2651 | D:4      | Killed a scorpion
  2652 | D:4      | Reached XP level 5. HP: 35/35 MP: 10/10
  2738 | D:4      | Found a staircase to the Ecumenical Temple.
  2834 | Temple   | Entered the Ecumenical Temple
  3593 | D:4      | Reached XP level 6. HP: 36/41 MP: 11/11
  3778 | D:4      | Found a shimmering blue altar of Sif Muna.
  3781 | D:4      | Became a worshipper of Sif Muna the Loreminder
  3891 | D:5      | Entered Level 5 of the Dungeon
  3972 | D:5      | Found Zin's Purification Station.
  3977 | D:5      | Found a glowing silver altar of Zin.
  3999 | D:5      | Found a runed translucent gate.
  3999 | D:5      | Noticed IBeShadow's ghost (novice DrFE)
  4000 | D:5      | Found a runed translucent gate.
  4000 | D:5      | Found a runed translucent gate.
  4067 | D:5      | Noticed a black bear
  4069 | D:5      | Noticed an ice beast
  4075 | D:5      | Killed a black bear
  4076 | D:5      | Reached skill level 5 in Fire Magic
  4093 | D:5      | Slain by an ice beast

Illustrated notes

Levels and vault maps discovered:
D:1:      dpeg_arrival_shrine, layout_basic, hellmonk_ecumenical_altar_zigzags
D:2:      layout_loops_cross, minmay_misc_feat_five
D:3:      minmay_door_path, layout_basic, gammafunk_temple_of_torment,
          dk_noncrumbling_4
D:4:      layout_basic, kennysheep_mini_moat, minmay_temple_entry_stoned_glass,
          minmay_snake_closets
D:5:      layout_loops_ring, zin_purify, lemuel_coloured_pillars_altar,
          gammafunk_ghost_necromancy, uniq_crazy_yiuf_cottage
Temple:   minmay_temple_bridge_abc

Skill      XL: |  1  2  3  4  5  6 |
---------------+-------------------+-----
Conjurations   | 2 3 4 |  4.5
Fire Magic     | 4 5 |  5.0
Spellcasting   | 3 4 |  4.1
Stealth        | 2 |  2.0
Fighting       | |  0.5
Dodging        | |  2.4

Action                   |  1- 3 |  4- 6 || total
-------------------------+-------+-------++-------
Melee: Quarterstaff      |     3 |    24 ||    27
       Battleaxe         |     2 |       ||     2
 Cast: Foxfire           |    66 |    82 ||   148
       Sticky Flame      |       |     4 ||     4
 Abil: Hop               |     1 |     1 ||     2
Armor: Robe              |     2 |     9 ||    11
Dodge: Dodged            |     8 |    13 ||    21
